Connexion

LAS VEGAS Golden Knights vs NASHVILLE Predators (R4)

Created - 30 octobre 2023 at 05:45

Goals
1 2 3 T
LAS VEGAS Golden Knights 0 1 0 1
NASHVILLE Predators 1 0 1 2
Shots
1 2 3 T
LAS VEGAS Golden Knights 3 8 7 18
NASHVILLE Predators 9 6 6 21

GoalsPenalties
1st period
1. NASHVILLE Predators , Kevin Labanc 10 (Cam Fowler 20, Ryan Donato 8) at 18:17 (PP)
Nikita Zaitsev (L-V) for Roughing (Minor) at 2:54
Alex Galchenyuk (L-V) for Roughing (Minor) at 7:07
Filip Forsberg (NAS) for Charging (Minor) at 8:22
Keaton Thompson (L-V) for Hooking (Minor) at 17:49
2nd period
2. LAS VEGAS Golden Knights , Luke Kunin 9 (J.T. Miller 15, Filip Hronek 21) at 2:00 (PP)
Vladislav Namestnikov (NAS) for Hooking (Minor) at 0:33
Keegan Kolesar (L-V) for High sticking (Minor) at 14:26
Ryan Donato (NAS) for Hooking (Minor) at 19:11
3rd period
3. NASHVILLE Predators , Cam Fowler 4 (Erik Gustafsson 5, Ryan Donato 9) at 3:40 (PP)
Kirby Dach (L-V) for Slashing (Minor) at 1:16
Kirby Dach (L-V) for Tripping (Minor) at 3:36
Bryan Rust (NAS) for Tripping (Minor) at 5:27
Vladislav Namestnikov (NAS) for Fighting (Major) at 7:33
Keegan Kolesar (L-V) for Fighting (Major) at 7:33
Kevin Labanc (NAS) for Slashing (Minor) at 7:33
Filip Forsberg (NAS) for Slashing (Minor) at 7:33
Jack Johnson (L-V) for Cross-checking (Minor) at 7:33
Keaton Thompson (L-V) for Slashing (Minor) at 7:33
Chris Tanev (NAS) for Slashing (Minor) at 7:33
J.T. Miller (L-V) for Tripping (Minor) at 17:05
Goalie Stats
Ilya Sorokin (L-V), 19 saves from 21 shots - (0,905), L, 11-10-3, 60:00 minutes
Matt Murray (NAS), 17 saves from 18 shots - (0,944), W, 10-11-1, 60:00 minutes
3 StarsOfficial
1 - Cam Fowler (NAS)
2 - Erik Gustafsson (NAS)
3 - Luke Kunin (L-V)
Referees : Kerry Fraser and Dan O'Rourke
Linesman : Tony Sericolo and Brad Lazarowich
Game Note
General Fight at 7:33 of 3rd period
Vladislav Namestnikov and Keegan Kolesar fight to a draw at 7:33 of 3rd period
Finance
Level 1 -- Attendance: 5657 (94,28%) -- Ticket Income 707 125 $
Level 2 -- Attendance: 4113 (100,00%) -- Ticket Income 349 605 $
Level 3 -- Attendance: 2000 (100,00%) -- Ticket Income 90 000 $
Level 4 -- Attendance: 3706 (92,65%) -- Ticket Income 111 180 $
Luxury Box -- Attendance: 996 (99,60%) -- Ticket Income 253 980 $
Game was played at the Bridgestone Arena.
Total Attendance: 16472 (96,25%)
Total Ticket Income: 1 511 890 $
Other Income: 302 378 $
Total Income: 1 814 268 $



Team Name Goals Shots Shots Attemp Shots Blocked PIM HIT PP PK FO%
LAS VEGAS Golden Knights 11849723131 / 5 (20%)254%
NASHVILLE Predators 22146619152 / 7 (29%)146%

LAS VEGAS Golden Knights
Player Name POS G A P +/- PIM HIT SHT SB MP PP MP PP SHT PK MP PK SHT FO% FOT
Alex GalchenyukC/LW0000223019:182:4903:12061% 18
Alex KerfootC/LW0000002015:192:4900:000100% 1
Artem AnisimovC/LW0000011011:070:3400:00050% 4
Brady SkjeiD0000000020:453:2504:1600% 0
Cole CaufieldRW0000000015:192:4900:0000% 0
Filip HronekD0110011525:593:1505:2700% 0
J.T. MillerC/LW/RW0110220023:283:5104:5800% 0
Jack JohnsonD0000200013:010:0000:0000% 0
Jayce HawrylukC/RW000000016:190:0000:00050% 4
Joona KoppanenC/LW000000006:050:0000:000100% 1
Keaton ThompsonD0000421013:490:0000:4900% 0
Keegan KolesarRW000071006:430:0001:390100% 1
Kirby DachC/RW000041109:300:0000:00050% 2
Luke KuninC/RW1010012020:143:1712:4600% 0
Nick SeelerD0000010020:573:2504:2800% 0
Nikita ZaitsevD0000201124:573:1504:2600% 0
Pavel ZachaC/LW0000016024:413:5126:10151% 37
Philip KurashevC/LW/RW000000009:530:0000:4100% 2
NASHVILLE Predators
Player Name POS G A P +/- PIM HIT SHT SB MP PP MP PP SHT PK MP PK SHT FO% FOT
Alexander NylanderRW0000000010:130:0001:4400% 0
Andrew CoppC/LW0000001024:185:1803:38029% 7
Brett ConnollyLW/RW0000000010:400:0005:5700% 1
Bryan RustLW/RW0000231019:105:1810:0000% 0
Cam FowlerD1120004425:144:5834:2800% 0
Chris TanevD0000200011:260:0000:4400% 0
Colin WhiteC/RW000001007:180:0000:0000% 3
Erik BrannstromD0000000024:064:4503:1900% 0
Erik GustafssonD0110050119:224:5804:2000% 0
Filip ForsbergLW0000422018:124:2400:00050% 2
Henrik BorgstromC000000004:430:0000:00083% 6
Josh MorrisseyD0000021015:480:0000:1600% 0
Kevin LabancLW/RW1010202017:184:2510:0000% 0
Leon DraisaitlC/LW/RW0000016020:225:1830:16046% 24
Matt GrzelcykD0000002124:034:4524:1100% 0
Nick CousinsC/LW/RW000001008:290:0000:0000% 0
Ryan DonatoC/LW0220201015:304:2502:27056% 18
Vladislav NamestnikovC/LW/RW0000701012:180:0001:17033% 9



Play-by-Play

1st period


0:01 of 1st period - Pavel Zacha wins face-off versus Leon Draisaitl in neutral zone.
0:18 of 1st period - Shot by J.T. Miller.
0:18 of 1st period - Deflect By Pavel Zacha.
0:18 of 1st period - Stopped by Matt Murray without a rebound.
0:19 of 1st period - Vladislav Namestnikov wins face-off versus Alex Galchenyuk in NASHVILLE Predators zone.
0:48 of 1st period - Shot by Alex Galchenyuk.
0:48 of 1st period - Stopped by Matt Murray with a rebound.
1:31 of 1st period - Icing by Keaton Thompson.
1:32 of 1st period - Ryan Donato wins face-off versus Philip Kurashev in LAS VEGAS Golden Knights zone.
2:34 of 1st period - Luke Kunin is hit by Erik Gustafsson and loses puck.
2:44 of 1st period - Andrew Copp is hit by Filip Hronek and loses puck.
2:54 of 1st period - Minor Penalty to Nikita Zaitsev for Roughing.
2:55 of 1st period - Ryan Donato wins face-off versus Pavel Zacha in LAS VEGAS Golden Knights zone.
3:05 of 1st period - Icing by Erik Brannstrom.
3:06 of 1st period - Pavel Zacha wins face-off versus Ryan Donato in NASHVILLE Predators zone.
3:13 of 1st period - Shot by J.T. Miller.
3:13 of 1st period - Shot Misses the Net.
4:05 of 1st period - Shot by Leon Draisaitl.
4:05 of 1st period - Stopped by Ilya Sorokin without a rebound.
4:06 of 1st period - Keegan Kolesar wins face-off versus Leon Draisaitl in LAS VEGAS Golden Knights zone.
4:23 of 1st period - Shot by Leon Draisaitl.
4:23 of 1st period - Stopped by Ilya Sorokin without a rebound.
4:24 of 1st period - Pavel Zacha wins face-off versus Leon Draisaitl in LAS VEGAS Golden Knights zone.
4:40 of 1st period - Off-side.
4:41 of 1st period - Alex Galchenyuk wins face-off versus Ryan Donato in neutral zone.
5:20 of 1st period - Shot by Joona Koppanen.
5:20 of 1st period - Shot Misses the Net.
5:42 of 1st period - Icing by Cam Fowler.
5:43 of 1st period - Henrik Borgstrom wins face-off versus Pavel Zacha in NASHVILLE Predators zone.
6:12 of 1st period - Shot by Bryan Rust.
6:12 of 1st period - Deflect By Andrew Copp.
6:12 of 1st period - Stopped by Ilya Sorokin without a rebound.
6:13 of 1st period - Alex Galchenyuk wins face-off versus Filip Forsberg in LAS VEGAS Golden Knights zone.
6:34 of 1st period - Shot by Alex Kerfoot.
6:34 of 1st period - Shot Blocked by Matt Grzelcyk.
7:07 of 1st period - Minor Penalty to Alex Galchenyuk for Roughing.
7:08 of 1st period - Leon Draisaitl wins face-off versus Pavel Zacha in LAS VEGAS Golden Knights zone.
7:29 of 1st period - Shot by Leon Draisaitl.
7:29 of 1st period - Shot Blocked by Filip Hronek.
7:31 of 1st period - Shot by Bryan Rust.
7:31 of 1st period - Shot Blocked by Nikita Zaitsev.
7:33 of 1st period - Shot by Cam Fowler.
7:33 of 1st period - Stopped by Ilya Sorokin with a rebound.
8:21 of 1st period - Brady Skjei is hit by Filip Forsberg and loses puck.
8:22 of 1st period - Minor Penalty to Filip Forsberg for Charging.
8:23 of 1st period - Pavel Zacha wins face-off versus Colin White in NASHVILLE Predators zone.
10:10 of 1st period - Shot by Luke Kunin.
10:10 of 1st period - Shot Misses the Net.
10:32 of 1st period - Artem Anisimov is hit by Filip Forsberg.
10:33 of 1st period - Icing by Artem Anisimov.
10:34 of 1st period - Kirby Dach wins face-off versus Ryan Donato in LAS VEGAS Golden Knights zone.
10:39 of 1st period - Shot by Keaton Thompson.
10:39 of 1st period - Shot Misses the Net.
12:29 of 1st period - Shot by Bryan Rust.
12:29 of 1st period - Shot Misses the Net.
12:35 of 1st period - Shot by Alex Kerfoot.
12:35 of 1st period - Shot Blocked by Cam Fowler.
12:37 of 1st period - Shot by Filip Hronek.
12:37 of 1st period - Stopped by Matt Murray without a rebound.
12:38 of 1st period - Henrik Borgstrom wins face-off versus Pavel Zacha in NASHVILLE Predators zone.
12:38 of 1st period - Henrik Borgstrom is hit by J.T. Miller.
14:29 of 1st period - Shot by Nick Cousins.
14:29 of 1st period - Shot Misses the Net.
14:31 of 1st period - Shot by Ryan Donato.
14:31 of 1st period - Shot Misses the Net.
15:56 of 1st period - Icing by Leon Draisaitl.
15:57 of 1st period - Pavel Zacha wins face-off versus Leon Draisaitl in NASHVILLE Predators zone.
16:22 of 1st period - Shot by Leon Draisaitl.
16:22 of 1st period - Stopped by Ilya Sorokin without a rebound.
16:23 of 1st period - Ryan Donato wins face-off versus Jayce Hawryluk in LAS VEGAS Golden Knights zone.
16:28 of 1st period - Shot by Ryan Donato.
16:28 of 1st period - Stopped by Ilya Sorokin without a rebound.
16:29 of 1st period - Vladislav Namestnikov wins face-off versus Jayce Hawryluk in LAS VEGAS Golden Knights zone.
16:46 of 1st period - Shot by Filip Forsberg.
16:46 of 1st period - Shot Misses the Net.
16:48 of 1st period - Shot by Josh Morrissey.
16:48 of 1st period - Shot Misses the Net.
17:01 of 1st period - Shot by Filip Forsberg.
17:01 of 1st period - Shot Misses the Net.
17:03 of 1st period - Shot by Cam Fowler.
17:03 of 1st period - Shot Misses the Net.
17:05 of 1st period - Shot by Vladislav Namestnikov.
17:05 of 1st period - Shot Misses the Net.
17:07 of 1st period - Shot by Vladislav Namestnikov.
17:07 of 1st period - Shot Blocked by Jayce Hawryluk.
17:09 of 1st period - Shot by Filip Forsberg.
17:09 of 1st period - Stopped by Ilya Sorokin without a rebound.
17:10 of 1st period - Pavel Zacha wins face-off versus Leon Draisaitl in LAS VEGAS Golden Knights zone.
17:17 of 1st period - Shot by Filip Hronek.
17:17 of 1st period - Shot Misses the Net.
17:37 of 1st period - Shot by Andrew Copp.
17:37 of 1st period - Shot Blocked by Filip Hronek.
17:39 of 1st period - Shot by Leon Draisaitl.
17:39 of 1st period - Stopped by Ilya Sorokin without a rebound.
17:40 of 1st period - Ryan Donato wins face-off versus Alex Galchenyuk in LAS VEGAS Golden Knights zone.
17:49 of 1st period - Minor Penalty to Keaton Thompson for Hooking.
17:50 of 1st period - Filip Forsberg wins face-off versus Pavel Zacha in LAS VEGAS Golden Knights zone.
18:17 of 1st period - Shot by Kevin Labanc.
18:17 of 1st period - Goal by Kevin Labanc - LAS VEGAS Golden Knights : 0 - NASHVILLE Predators : 1.
18:18 of 1st period - Leon Draisaitl wins face-off versus Alex Galchenyuk in neutral zone.
18:44 of 1st period - Shot by Leon Draisaitl.
18:44 of 1st period - Shot Misses the Net.
19:17 of 1st period - Icing by Erik Brannstrom.
19:18 of 1st period - Leon Draisaitl wins face-off versus Pavel Zacha in NASHVILLE Predators zone.
19:18 of 1st period - Leon Draisaitl is hit by J.T. Miller.
19:57 of 1st period - Shot by Pavel Zacha.
19:57 of 1st period - Shot Misses the Net.
Goals for this period are 0 for LAS VEGAS Golden Knights vs 1 for NASHVILLE Predators .
Shots for this period are 3 for LAS VEGAS Golden Knights vs 9 for NASHVILLE Predators .

2nd period


0:01 of 2nd period - Pavel Zacha wins face-off versus Leon Draisaitl in neutral zone.
0:06 of 2nd period - Shot by Pavel Zacha.
0:06 of 2nd period - Stopped by Matt Murray with a rebound.
0:30 of 2nd period - Shot by Andrew Copp.
0:30 of 2nd period - Shot Blocked by Filip Hronek.
0:32 of 2nd period - Shot by Cam Fowler.
0:32 of 2nd period - Stopped by Ilya Sorokin without a rebound.
0:33 of 2nd period - Alex Galchenyuk wins face-off versus Vladislav Namestnikov in LAS VEGAS Golden Knights zone.
0:33 of 2nd period - Minor Penalty to Vladislav Namestnikov for Hooking.
0:34 of 2nd period - Alex Galchenyuk wins face-off versus Andrew Copp in NASHVILLE Predators zone.
0:34 of 2nd period - Brady Skjei is hit by Erik Gustafsson and loses puck.
0:52 of 2nd period - Alex Galchenyuk is hit by Erik Gustafsson and loses puck.
1:40 of 2nd period - Shot by Filip Hronek.
1:40 of 2nd period - Shot Misses the Net.
1:58 of 2nd period - Shot by J.T. Miller.
1:58 of 2nd period - Shot Misses the Net.
2:00 of 2nd period - Shot by Luke Kunin.
2:00 of 2nd period - Goal by Luke Kunin - LAS VEGAS Golden Knights : 1 - NASHVILLE Predators : 1.
2:01 of 2nd period - Artem Anisimov wins face-off versus Vladislav Namestnikov in neutral zone.
2:04 of 2nd period - Kevin Labanc is hit by Artem Anisimov and loses puck.
2:17 of 2nd period - Shot by Filip Forsberg.
2:17 of 2nd period - Stopped by Ilya Sorokin without a rebound.
2:18 of 2nd period - Joona Koppanen wins face-off versus Henrik Borgstrom in LAS VEGAS Golden Knights zone.
3:00 of 2nd period - Off-side.
3:01 of 2nd period - Pavel Zacha wins face-off versus Ryan Donato in neutral zone.
3:10 of 2nd period - Shot by J.T. Miller.
3:10 of 2nd period - Deflect By Pavel Zacha.
3:10 of 2nd period - Shot Misses the Net.
3:12 of 2nd period - Shot by Luke Kunin.
3:12 of 2nd period - Shot Blocked by Cam Fowler.
7:01 of 2nd period - Shot by Pavel Zacha.
7:01 of 2nd period - Stopped by Matt Murray without a rebound.
7:02 of 2nd period - Alex Galchenyuk wins face-off versus Vladislav Namestnikov in NASHVILLE Predators zone.
7:21 of 2nd period - Shot by Kevin Labanc.
7:21 of 2nd period - Stopped by Ilya Sorokin without a rebound.
7:22 of 2nd period - Pavel Zacha wins face-off versus Leon Draisaitl in LAS VEGAS Golden Knights zone.
7:34 of 2nd period - Icing by Erik Gustafsson.
7:35 of 2nd period - Leon Draisaitl wins face-off versus Alex Galchenyuk in NASHVILLE Predators zone.
7:35 of 2nd period - Leon Draisaitl is hit by Alex Galchenyuk.
8:03 of 2nd period - Shot by Nick Seeler.
8:03 of 2nd period - Shot Misses the Net.
8:05 of 2nd period - Shot by Alex Kerfoot.
8:05 of 2nd period - Stopped by Matt Murray with a rebound.
8:07 of 2nd period - Shot by Alex Kerfoot.
8:07 of 2nd period - Shot Misses the Net.
8:09 of 2nd period - Shot by Nick Seeler.
8:09 of 2nd period - Shot Misses the Net.
8:11 of 2nd period - Shot by Alex Kerfoot.
8:11 of 2nd period - Stopped by Matt Murray without a rebound.
8:12 of 2nd period - Pavel Zacha wins face-off versus Vladislav Namestnikov in NASHVILLE Predators zone.
8:22 of 2nd period - Shot by J.T. Miller.
8:22 of 2nd period - Shot Misses the Net.
8:24 of 2nd period - Shot by Pavel Zacha.
8:24 of 2nd period - Shot Misses the Net.
8:26 of 2nd period - Shot by Luke Kunin.
8:26 of 2nd period - Stopped by Matt Murray without a rebound.
8:27 of 2nd period - Ryan Donato wins face-off versus Kirby Dach in NASHVILLE Predators zone.
9:21 of 2nd period - Icing by Erik Brannstrom.
9:22 of 2nd period - Pavel Zacha wins face-off versus Ryan Donato in NASHVILLE Predators zone.
9:40 of 2nd period - Shot by J.T. Miller.
9:40 of 2nd period - Shot Misses the Net.
9:43 of 2nd period - Icing by Matt Grzelcyk.
9:44 of 2nd period - Ryan Donato wins face-off versus Alex Galchenyuk in NASHVILLE Predators zone.
9:56 of 2nd period - Icing by Brady Skjei.
9:57 of 2nd period - Alex Galchenyuk wins face-off versus Vladislav Namestnikov in LAS VEGAS Golden Knights zone.
10:11 of 2nd period - Icing by Cam Fowler.
10:12 of 2nd period - Vladislav Namestnikov wins face-off versus Pavel Zacha in NASHVILLE Predators zone.
11:57 of 2nd period - Icing by Alex Galchenyuk.
11:58 of 2nd period - Alex Galchenyuk wins face-off versus Ryan Donato in LAS VEGAS Golden Knights zone.
11:58 of 2nd period - Alex Galchenyuk is hit by Nick Cousins.
13:56 of 2nd period - Filip Hronek is hit by Bryan Rust and loses puck.
14:02 of 2nd period - Chris Tanev is hit by Keegan Kolesar and loses puck.
14:09 of 2nd period - Shot by Bryan Rust.
14:09 of 2nd period - Shot Misses the Net.
14:18 of 2nd period - Filip Hronek is hit by Erik Gustafsson and loses puck.
14:26 of 2nd period - Minor Penalty to Keegan Kolesar for High sticking.
14:27 of 2nd period - Pavel Zacha wins face-off versus Leon Draisaitl in LAS VEGAS Golden Knights zone.
14:48 of 2nd period - Shot by Pavel Zacha.
14:48 of 2nd period - Stopped by Matt Murray with a rebound.
14:54 of 2nd period - Shot by Matt Grzelcyk.
14:54 of 2nd period - Stopped by Ilya Sorokin without a rebound.
14:55 of 2nd period - Pavel Zacha wins face-off versus Ryan Donato in LAS VEGAS Golden Knights zone.
15:34 of 2nd period - Shot by Cam Fowler.
15:34 of 2nd period - Stopped by Ilya Sorokin without a rebound.
15:35 of 2nd period - Leon Draisaitl wins face-off versus Pavel Zacha in LAS VEGAS Golden Knights zone.
15:54 of 2nd period - Filip Hronek is hit by Bryan Rust.
16:25 of 2nd period - Icing by Ryan Donato.
16:26 of 2nd period - Henrik Borgstrom wins face-off versus Artem Anisimov in NASHVILLE Predators zone.
16:32 of 2nd period - Icing by Cam Fowler.
16:33 of 2nd period - Henrik Borgstrom wins face-off versus Philip Kurashev in NASHVILLE Predators zone.
16:33 of 2nd period - Henrik Borgstrom is hit by Kirby Dach.
17:02 of 2nd period - Icing by Cam Fowler.
17:03 of 2nd period - Henrik Borgstrom wins face-off versus Pavel Zacha in NASHVILLE Predators zone.
17:31 of 2nd period - Icing by Keaton Thompson.
17:32 of 2nd period - Leon Draisaitl wins face-off versus Pavel Zacha in LAS VEGAS Golden Knights zone.
18:17 of 2nd period - Shot by Leon Draisaitl.
18:17 of 2nd period - Shot Blocked by Filip Hronek.
18:40 of 2nd period - Shot by Vladislav Namestnikov.
18:40 of 2nd period - Shot Misses the Net.
18:54 of 2nd period - Shot by Kevin Labanc.
18:54 of 2nd period - Shot Misses the Net.
18:56 of 2nd period - Shot by Erik Gustafsson.
18:56 of 2nd period - Shot Blocked by Filip Hronek.
18:58 of 2nd period - Shot by Vladislav Namestnikov.
18:58 of 2nd period - Stopped by Ilya Sorokin with a rebound.
19:11 of 2nd period - Minor Penalty to Ryan Donato for Hooking.
19:12 of 2nd period - Pavel Zacha wins face-off versus Andrew Copp in NASHVILLE Predators zone.
19:38 of 2nd period - Pavel Zacha is hit by Erik Gustafsson and loses puck.
19:47 of 2nd period - Shot by Pavel Zacha.
19:47 of 2nd period - Stopped by Matt Murray without a rebound.
19:48 of 2nd period - Pavel Zacha wins face-off versus Andrew Copp in NASHVILLE Predators zone.
Goals for this period are 1 for LAS VEGAS Golden Knights vs 0 for NASHVILLE Predators .
Shots for this period are 8 for LAS VEGAS Golden Knights vs 6 for NASHVILLE Predators .

3rd period


0:01 of 3rd period - Andrew Copp wins face-off versus Pavel Zacha in neutral zone.
1:16 of 3rd period - Minor Penalty to Kirby Dach for Slashing.
1:17 of 3rd period - Ryan Donato wins face-off versus Pavel Zacha in LAS VEGAS Golden Knights zone.
2:08 of 3rd period - Shot by Leon Draisaitl.
2:08 of 3rd period - Stopped by Ilya Sorokin without a rebound.
2:09 of 3rd period - Leon Draisaitl wins face-off versus Pavel Zacha in LAS VEGAS Golden Knights zone.
2:19 of 3rd period - Shot by Andrew Copp.
2:19 of 3rd period - Shot Misses the Net.
2:21 of 3rd period - Shot by Matt Grzelcyk.
2:21 of 3rd period - Shot Misses the Net.
2:23 of 3rd period - Shot by Matt Grzelcyk.
2:23 of 3rd period - Shot Misses the Net.
2:44 of 3rd period - Icing by Andrew Copp.
2:45 of 3rd period - Alex Galchenyuk wins face-off versus Leon Draisaitl in NASHVILLE Predators zone.
2:55 of 3rd period - Icing by Matt Grzelcyk.
2:56 of 3rd period - Leon Draisaitl wins face-off versus Alex Galchenyuk in NASHVILLE Predators zone.
3:11 of 3rd period - Shot by Bryan Rust.
3:11 of 3rd period - Stopped by Ilya Sorokin with a rebound.
3:36 of 3rd period - Minor Penalty to Kirby Dach for Tripping.
3:37 of 3rd period - Ryan Donato wins face-off versus Pavel Zacha in LAS VEGAS Golden Knights zone.
3:38 of 3rd period - Shot by Erik Gustafsson.
3:38 of 3rd period - Shot Misses the Net.
3:40 of 3rd period - Shot by Cam Fowler.
3:40 of 3rd period - Goal by Cam Fowler - LAS VEGAS Golden Knights : 1 - NASHVILLE Predators : 2.
3:41 of 3rd period - Alex Galchenyuk wins face-off versus Vladislav Namestnikov in neutral zone.
4:20 of 3rd period - Cam Fowler is hit by Alex Galchenyuk.
4:33 of 3rd period - Icing by Nikita Zaitsev.
4:34 of 3rd period - Leon Draisaitl wins face-off versus Alex Galchenyuk in LAS VEGAS Golden Knights zone.
4:38 of 3rd period - Icing by Filip Hronek.
4:39 of 3rd period - Alex Galchenyuk wins face-off versus Leon Draisaitl in LAS VEGAS Golden Knights zone.
5:27 of 3rd period - Minor Penalty to Bryan Rust for Tripping.
5:28 of 3rd period - Pavel Zacha wins face-off versus Andrew Copp in NASHVILLE Predators zone.
5:49 of 3rd period - Shot by J.T. Miller.
5:49 of 3rd period - Shot Blocked by Cam Fowler.
5:51 of 3rd period - Shot by Filip Hronek.
5:51 of 3rd period - Shot Misses the Net.
5:57 of 3rd period - Shot by Filip Hronek.
5:57 of 3rd period - Shot Blocked by Cam Fowler.
6:53 of 3rd period - Shot by Pavel Zacha.
6:53 of 3rd period - Stopped by Matt Murray with a rebound.
6:55 of 3rd period - Shot by Artem Anisimov.
6:55 of 3rd period - Shot Misses the Net.
6:57 of 3rd period - Shot by Filip Hronek.
6:57 of 3rd period - Shot Misses the Net.
7:30 of 3rd period - Kevin Labanc is hit by Keaton Thompson.
7:33 of 3rd period - Vladislav Namestnikov and Keegan Kolesar fight to a draw.
7:33 of 3rd period - Penalty to Vladislav Namestnikov for Fighting.
7:33 of 3rd period - Penalty to Keegan Kolesar for Fighting.
7:33 of 3rd period - Minor Penalty to Kevin Labanc for Slashing.
7:33 of 3rd period - Minor Penalty to Filip Forsberg for Slashing.
7:33 of 3rd period - Minor Penalty to Jack Johnson for Cross-checking.
7:33 of 3rd period - Minor Penalty to Keaton Thompson for Slashing.
7:33 of 3rd period - Minor Penalty to Chris Tanev for Slashing.
7:34 of 3rd period - Ryan Donato wins face-off versus Artem Anisimov in NASHVILLE Predators zone.
8:51 of 3rd period - Shot by Jayce Hawryluk.
8:51 of 3rd period - Shot Blocked by Erik Gustafsson.
8:53 of 3rd period - Shot by Alex Galchenyuk.
8:53 of 3rd period - Shot Misses the Net.
8:55 of 3rd period - Shot by Alex Galchenyuk.
8:55 of 3rd period - Stopped by Matt Murray without a rebound.
8:56 of 3rd period - Alex Galchenyuk wins face-off versus Brett Connolly in NASHVILLE Predators zone.
8:59 of 3rd period - Shot by Alex Galchenyuk.
8:59 of 3rd period - Stopped by Matt Murray with a rebound.
9:01 of 3rd period - Shot by Luke Kunin.
9:01 of 3rd period - Shot Misses the Net.
9:03 of 3rd period - Shot by Luke Kunin.
9:03 of 3rd period - Shot Misses the Net.
9:23 of 3rd period - Shot by Alex Galchenyuk.
9:23 of 3rd period - Shot Hit the Post.
9:25 of 3rd period - Shot by Luke Kunin.
9:25 of 3rd period - Shot Misses the Net.
9:47 of 3rd period - Shot by Keaton Thompson.
9:47 of 3rd period - Stopped by Matt Murray without a rebound.
9:48 of 3rd period - Jayce Hawryluk wins face-off versus Leon Draisaitl in NASHVILLE Predators zone.
9:48 of 3rd period - Jayce Hawryluk is hit by Josh Morrissey.
9:57 of 3rd period - Icing by Cam Fowler.
9:58 of 3rd period - Artem Anisimov wins face-off versus Leon Draisaitl in NASHVILLE Predators zone.
9:59 of 3rd period - Shot by Filip Hronek.
9:59 of 3rd period - Shot Misses the Net.
10:15 of 3rd period - Shot by Leon Draisaitl.
10:15 of 3rd period - Stopped by Ilya Sorokin without a rebound.
10:16 of 3rd period - Pavel Zacha wins face-off versus Colin White in LAS VEGAS Golden Knights zone.
10:16 of 3rd period - Pavel Zacha is hit by Colin White.
10:41 of 3rd period - Shot by Filip Forsberg.
10:41 of 3rd period - Shot Misses the Net.
10:43 of 3rd period - Shot by Filip Forsberg.
10:43 of 3rd period - Shot Misses the Net.
12:23 of 3rd period - Shot by Kirby Dach.
12:23 of 3rd period - Stopped by Matt Murray without a rebound.
12:24 of 3rd period - Jayce Hawryluk wins face-off versus Colin White in NASHVILLE Predators zone.
12:27 of 3rd period - Shot by Artem Anisimov.
12:27 of 3rd period - Stopped by Matt Murray with a rebound.
12:57 of 3rd period - Filip Forsberg is hit by Keaton Thompson and loses puck.
13:19 of 3rd period - Matt Grzelcyk is hit by Luke Kunin and loses puck.
13:29 of 3rd period - Icing by Brady Skjei.
13:30 of 3rd period - Leon Draisaitl wins face-off versus Pavel Zacha in LAS VEGAS Golden Knights zone.
13:30 of 3rd period - Leon Draisaitl is hit by Nick Seeler.
13:36 of 3rd period - Shot by Josh Morrissey.
13:36 of 3rd period - Stopped by Ilya Sorokin without a rebound.
13:37 of 3rd period - Alex Kerfoot wins face-off versus Andrew Copp in LAS VEGAS Golden Knights zone.
13:51 of 3rd period - Alex Kerfoot is hit by Josh Morrissey.
13:59 of 3rd period - Shot by Nikita Zaitsev.
13:59 of 3rd period - Stopped by Matt Murray without a rebound.
14:00 of 3rd period - Ryan Donato wins face-off versus Pavel Zacha in NASHVILLE Predators zone.
14:29 of 3rd period - Shot by Luke Kunin.
14:29 of 3rd period - Shot Misses the Net.
16:11 of 3rd period - Jack Johnson is hit by Bryan Rust.
17:05 of 3rd period - Minor Penalty to J.T. Miller for Tripping.
17:06 of 3rd period - Leon Draisaitl wins face-off versus Pavel Zacha in LAS VEGAS Golden Knights zone.
17:14 of 3rd period - Icing by Erik Gustafsson.
17:15 of 3rd period - Andrew Copp wins face-off versus Pavel Zacha in NASHVILLE Predators zone.
17:15 of 3rd period - Andrew Copp is hit by Pavel Zacha.
17:23 of 3rd period - Off-side.
17:24 of 3rd period - Pavel Zacha wins face-off versus Ryan Donato in neutral zone.
17:43 of 3rd period - Shot by Matt Grzelcyk.
17:43 of 3rd period - Stopped by Ilya Sorokin without a rebound.
17:44 of 3rd period - Pavel Zacha wins face-off versus Leon Draisaitl in LAS VEGAS Golden Knights zone.
19:33 of 3rd period - Luke Kunin is hit by Leon Draisaitl and loses puck.
Goals for this period are 0 for LAS VEGAS Golden Knights vs 1 for NASHVILLE Predators .
Shots for this period are 7 for LAS VEGAS Golden Knights vs 6 for NASHVILLE Predators .